 Dungeon Crawl Stone Soup version 0.30.0-29-ga12c61a403 (webtiles) character file.

Game seed: 12846660740929093768

14324 Sabo the Protected (level 12, -13/77 HPs)
             Began as a Gargoyle Fighter on June 9, 2023.
             Was a Priest of Qazlal.
             Mangled by a death yak (15 damage)
             ... on level 2 of the Lair of Beasts on June 10, 2023.
             The game lasted 01:04:05 (12211 turns).

Sabo the Protected (Gargoyle Fighter)              Turns: 12211, Time: 01:04:07

Health: -13/77     AC: 29    Str: 25      XL:     12   Next: 15%
Magic:  0/21       EV:  8    Int:  9 (10) God:    Qazlal [***...]
Gold:   684        SH:  4    Dex: 15      Spells: 11/11 levels left

rFire   . . .        y - +9 quarterstaff of Deformation {flame, Str+3}
rCold   . . .        (shield currently unavailable)
rNeg    + . .        h - +0 plate armour
rPois   ∞            (helmet restricted)
rElec   +            m - +1 cloak
rCorr   .            l - +2 pair of gloves
SInv    .            (no boots)
Will    .....        f - amulet of guardian spirit Stlth
                     P - +6 ring of dexterity
HPRegen 0.32/turn    x - ring of magical power
MPRegen 0.17/turn

%: clarity, guardian spirit
@: no status effects
A: sickness immunity, AC +8, negative energy resistance 1, electricity
resistance, torment resistance 1, petrification resistance, horns 1, clarity,
deterioration 1, weak 1, MP-powered wands
a: Renounce Religion, Upheaval, Elemental Force


You were on level 2 of the Lair of Beasts.
You worshipped Qazlal.
Qazlal was most pleased with you.
You visited 2 branches of the dungeon, and saw 13 of its levels.
You also visited: Ossuary.

You collected 717 gold pieces.
You spent 33 gold pieces at shops.

Inventory:

Hand Weapons
 a - a +0 war axe
 b - a +1 halberd of freezing
 u - a +0 shortbow
 y - the +9 quarterstaff of Deformation (weapon) {flame, Str+3}
   (You found it on level 6 of the Dungeon)

   Str:       It affects your strength (+3).
 C - a +3 spear
 F - a +0 lajatang
 G - a +0 battleaxe
 H - a +0 hand axe of flaming
 L - a -1 demon whip of venom
Missiles
 v - 15 poisoned darts (quivered)
Armour
 h - a +0 plate armour (worn)
 l - a +2 pair of gloves (worn)
 m - a +1 cloak (worn)
 A - a +2 kite shield
 E - a +1 ring mail of fire resistance
Jewellery
 f - an amulet of guardian spirit (around neck)
 g - a ring of protection from cold
 x - a ring of magical power (right hand)
 P - a +6 ring of dexterity (left hand)
Wands
 r - a wand of roots (7)
 J - a wand of mindburst (28)
 T - a wand of paralysis (5)
Scrolls
 c - a scroll of fear
 d - a scroll of brand weapon
 n - a scroll of fog
 q - 6 scrolls of teleportation
 t - a scroll of magic mapping
 D - a scroll of poison
 K - 2 scrolls of blinking
 Q - 2 scrolls of enchant weapon
Potions
 e - 4 potions of heal wounds
 i - a potion of magic
 k - 7 potions of curing
 o - a potion of flight {unknown}
 p - 3 potions of lignification
 s - a potion of berserk rage {unknown}
 w - 3 potions of haste
 z - 2 potions of resistance {unknown}
 B - a potion of ambrosia {unknown}
 I - a potion of mutation
 M - a potion of experience {unknown}
 N - a potion of cancellation {unknown}
 O - a potion of invisibility {unknown}
 R - a potion of brilliance
Miscellaneous
 j - a phial of floods
 S - a tin of tremorstones (2/2)


   Skills:
 + Level 9.6 Fighting
 + Level 7.7 Axes
 + Level 10.7 Staves
 + Level 11.0 Armour
 + Level 1.7 Dodging
 + Level 1.3 Stealth
 + Level 6.9 Shields


You had 11 spell levels left.
You didn't know any spells.
Your spell library contained the following spells:

 Spells                   Type           Power      Damage    Failure   Level
 Magic Dart               Conj           0%         1d3       98%         1
 Sandblast                Erth           0%         2d4       98%         1
 Lesser Beckoning         Tloc           0%         N/A       99%         2
 Passwall                 Tmut/Erth      0%         N/A       99%         2
 Searing Ray              Conj           0%         2d4       99%         2
 Gell's Gravitas          Tloc           0%         N/A       100%        3
 Inner Flame              Hex/Fire       0%         N/A       100%        3
 Stone Arrow              Conj/Erth      0%         3d7       100%        3
 Teleport Other           Tloc           0%         N/A       100%        3
 Tukima's Dance           Hex            0%         N/A       100%        3
 Anguish                  Hex/Necr       0%         N/A       100%        4
 Animate Armour           Summ/Erth      0%         N/A       100%        4
 Cause Fear               Hex            0%         N/A       100%        4
 Fulminant Prism          Conj/Hex       0%         3d5       100%        4
 Passage of Golubria      Tloc           0%         N/A       100%        4
 Yara's Violent Unravell  Hex/Tmut       0%         3d3       100%        5
 Simulacrum               Ice/Necr       0%         N/A       100%        6
 Dragon Form              Tmut           0%         N/A       100%        7
 Enfeeble                 Hex            0%         N/A       100%        7
 Ozocubu's Refrigeration  Ice            0%         4d7       100%        7
 Lehudib's Crystal Spear  Conj/Erth      0%         10d2      100%        8
 Dragon's Call            Summ           0%         N/A       100%        9
 Polar Vortex             Ice            0%         N/A       100%        9


Dungeon Overview and Level Annotations

Branches:
Dungeon (11/15)            Temple (0/1) D:6            Lair (2/5) D:11
    Orc (0/2) D:10        Ossuary (visited)
  Swamp: Lair:2-3    Shoals: Lair:2-3     Snake: Lair:2-3    Spider: Lair:2-3

Altars:
Hepliaklqana
Makhleb
Nemelex Xobeh
Okawaru
Qazlal
Sif Muna
Trog
Uskayaw
Zin
The Shining One

Shops:
D:1 !


Innate Abilities, Weirdness & Mutations

You are immune to sickness and miasma.
Your stone body is resilient. (AC +8)
You are immune to poison.
You resist negative energy. (rN+)
You are resistant to electric shocks. (rElec)
You are resistant to unholy torment.
You are immune to petrification.
You have a pair of small horns on your head.
You possess an exceptional clarity of mind.
Your body sometimes deteriorates upon taking damage.
You are weak. (Str -2)
You expend magic power (3 MP) to strengthen your wands.


Message History

The death yak gores you but does no damage.
The death yak gores you.
The death yak is engulfed in blazing flames.
You block the death yak's attack.
You sock the death yak! You burn the death yak. You headbutt the death yak.
The death yak is severely wounded.
You bludgeon the death yak!! You burn the death yak.
You headbutt the death yak.
The death yak is almost dead.
The death yak barely misses you. The death yak gores you.
* * * LOW HITPOINT WARNING * * *
You block the death yak's attack. The death yak completely misses you.
You thump the death yak! You burn the death yak.
You kill the death yak!
Qazlal accepts your kill.
The death yak gores you but does no damage.
The death yak barely misses you. x2
You feel your dexterity returning.
Your Armour skill increases to level 11!
You feel much better. The death yak gores you. x2
The death yak is engulfed in blazing flames.
The death yak misses you.
You hit the death yak. You burn the death yak. You headbutt the death yak.
The death yak is moderately wounded.
The death yak gores you but does no damage.
The death yak is engulfed in blazing flames.
The death yak gores you!
* * * LOW HITPOINT WARNING * * *
Your body deteriorates!
You feel dopey.
The death yak gores you but does no damage.
You hit the death yak but do no damage. You headbutt the death yak.
The death yak is heavily wounded.
You sock the death yak! You burn the death yak. You headbutt the death yak.
The death yak is severely wounded.
The death yak gores you.
* * * LOW HITPOINT WARNING * * *
The death yak gores you!
* * * LOW HITPOINT WARNING * * *
The death yak gores you!
You die...

#..............
###.............
P#.#....#..#PPP..
.................
.................
.................
.........<#
......Y...#
..#.#..@°.# ..
#.Y†Y.# .
.........P.
...............
...##..........
... ...........
.# ##..........
#.....P....


You could see 3 death yaks.

Vanquished Creatures
  2 two-headed ogres
  2 death yaks (Lair:2)
  Amaemon (D:9)
  2 black mambas (Lair:1)
  An orange demon (D:9)
  Maurice (D:9)
  A cane toad (Lair:1)
  The ghost of Fractals the Magician, a novice BaRe of Uskayaw (D:5)
  2 polar bears (D:10)
  Grinder (D:4)
  2 shadows
  2 wraiths
  23 yaks
  Eustachio (D:4)
  4 steam dragons
  3 vampire mosquitoes (D:11)
  2 acid dragons
  5 water moccasins
  2 orc warriors
  3 ice beasts
  2 black bears
  6 centaurs
  A phantom (D:6)
  A bullfrog (D:6)
  A gnoll sergeant (D:10)
  3 scorpions
  15 killer bees
  6 howler monkeys
  3 hounds
  2 centaur zombies (Ossuary)
  A jelly (D:7)
  2 gnoll boudas
  A human zombie (Ossuary)
  3 orc priests
  An iguana (D:5)
  Natasha (D:4)
  8 orc wizards
  4 mummies (Ossuary)
  16 gnolls
  10 adders
  A white imp (D:7)
  2 ufetubi
  A worm (D:5)
  2 dart slugs
  36 orcs
  4 bats
  6 endoplasms
  A gnoll zombie (Ossuary)
  5 goblins
  6 hobgoblins
  5 kobolds
  3 quokkas
  5 ball pythons
  2 goblin zombies (Ossuary)
  A hobgoblin zombie (Ossuary)
  A kobold zombie (Ossuary)
  3 rats
232 creatures vanquished.

Notes
Turn   | Place    | Note
-------+----------+-------------------------------------------
     0 | D:1      | Sabo the Gargoyle Fighter began the quest for the Orb.
     0 | D:1      | Reached XP level 1. HP: 14/14 MP: 1/1
   155 | D:1      | Reached XP level 2. HP: 19/19 MP: 2/2
   289 | D:1      | Found a faded altar of an unknown god.
   675 | D:1      | Reached XP level 3. HP: 23/23 MP: 3/3
   845 | D:1      | Found Puiseix's Distillery.
   912 | D:1      | Bought a potion of curing for 33 gold pieces
  1290 | D:2      | You fall into a shaft and drop 1 floor!
  1572 | D:3      | Reached XP level 4. HP: 27/29 MP: 4/4
  2188 | D:4      | Noticed a black bear
  2193 | D:4      | Killed a black bear
  2194 | D:4      | Reached skill level 4 in Armour
  2194 | D:4      | Reached XP level 5. HP: 28/33 MP: 5/5
  2234 | D:4      | Noticed Natasha
  2241 | D:4      | Killed Natasha
  2441 | D:4      | Reached XP level 6. HP: 11/38 MP: 6/6
  2456 | D:4      | Noticed Grinder
  2577 | D:4      | Noticed Eustachio
  2623 | D:4      | Killed Grinder
  2624 | D:4      | Reached skill level 5 in Axes
  2631 | D:4      | Killed Eustachio
  2632 | D:4      | Reached XP level 7. HP: 11/44 MP: 7/7
  3171 | D:4      | Found a stormy altar of Qazlal.
  3231 | D:4      | Became a worshipper of Qazlal Stormbringer
  3484 | D:5      | Entered Level 5 of the Dungeon
  3551 | D:5      | Found a sand-covered staircase.
  3556 | Ossuary  | Entered an ossuary
  3580 | Ossuary  | Reached skill level 5 in Armour
  3970 | D:5      | Gained mutation: Your spells are a little easier to cast,
                  | but a little less powerful. [potion of mutation]
  3970 | D:5      | Gained mutation: You occasionally lose the ability to drink
                  | potions when taking damage. [potion of mutation]
  3970 | D:5      | Gained mutation: Your flesh is cold resistant. (rC+)
                  | [potion of mutation]
  3971 | D:5      | Lost mutation: Your spells are a little easier to cast, but
                  | a little less powerful. [potion of mutation]
  3971 | D:5      | Lost mutation: Your flesh is cold resistant. (rC+) [potion
                  | of mutation]
  3971 | D:5      | Gained mutation: Your spells are a little harder to cast,
                  | but a little more powerful. [potion of mutation]
  3971 | D:5      | Gained mutation: You have hidden genetic defects. [potion
                  | of mutation]
  3971 | D:5      | Gained mutation: Your skin changes colour to match your
                  | surroundings (Stealth+). [potion of mutation]
  3972 | D:5      | Lost mutation: You have hidden genetic defects. [potion of
                  | mutation]
  3972 | D:5      | Lost mutation: Your spells are a little harder to cast, but
                  | a little more powerful. [potion of mutation]
  3972 | D:5      | Lost mutation: Your skin changes colour to match your
                  | surroundings (Stealth+). [potion of mutation]
  3972 | D:5      | Gained mutation: You expend magic power (3 MP) to
                  | strengthen your wands. [potion of mutation]
  3972 | D:5      | Gained mutation: You occasionally lose the ability to read
                  | scrolls when taking damage. [potion of mutation]
  3972 | D:5      | Gained mutation: You have a pair of small horns on your
                  | head. [potion of mutation]
  3972 | D:5      | Gained mutation: Your mind is acute. (Int +4, Str/Dex -1)
                  | [potion of mutation]
  3973 | D:5      | Lost mutation: You occasionally lose the ability to drink
                  | potions when taking damage. [potion of mutation]
  3973 | D:5      | Lost mutation: You occasionally lose the ability to read
                  | scrolls when taking damage. [potion of mutation]
  3973 | D:5      | Gained mutation: Your body sometimes deteriorates upon
                  | taking damage. [potion of mutation]
  3973 | D:5      | Lost mutation: Your mind is acute. (Int +4, Str/Dex -1)
                  | [potion of mutation]
  3973 | D:5      | Gained mutation: You are weak. (Str -2) [potion of
                  | mutation]
  3973 | D:5      | Gained mutation: You possess an exceptional clarity of
                  | mind. [potion of mutation]
  4010 | D:5      | Noticed a yak
  4035 | D:5      | Reached skill level 1 in Dodging
  4154 | D:5      | Found a hazy altar of Hepliaklqana.
  4155 | D:5      | Found a transporter.
  4156 | D:5      | Noticed a steam dragon
  4253 | D:5      | Reached XP level 8. HP: 45/48 MP: 8/8
  4305 | D:5      | Found a shimmering blue altar of Sif Muna.
  4306 | D:5      | Found a transporter.
  4319 | D:5      | Reached skill level 5 in Fighting
  4319 | D:5      | Found a sparkling altar of Nemelex Xobeh.
  4396 | D:5      | Reached * piety under Qazlal
  4504 | D:5      | Found a glowing golden altar of the Shining One.
  4729 | D:5      | Reached skill level 6 in Armour
  4917 | D:5      | Found a runed translucent door.
  4918 | D:5      | Noticed Fractals's ghost (novice BaRe)
  4939 | D:5      | Killed Fractals's ghost
  5209 | D:6      | Identified the +9 quarterstaff of Deformation {flame,
                  | Str+3}
  5266 | D:6      | Reached skill level 5 in Shields
  5485 | D:6      | Reached XP level 9. HP: 50/55 MP: 9/9
  5688 | D:6      | Reached skill level 1 in Staves
  5915 | D:6      | Found a staircase to the Ecumenical Temple.
  6320 | D:7      | Reached skill level 7 in Armour
  6871 | D:7      | Reached ** piety under Qazlal
  7203 | D:5      | Reached skill level 8 in Armour
  7205 | D:5      | Reached skill level 5 in Staves
  7205 | D:5      | Reached XP level 10. HP: 53/61 MP: 10/10
  7510 | D:8      | Found a burning altar of Makhleb.
  8282 | D:9      | Found an iron altar of Okawaru.
  8328 | D:9      | Reached skill level 9 in Armour
  8481 | D:9      | Noticed Amaemon
  8481 | D:9      | Noticed an orange demon
  8492 | D:9      | Killed Amaemon
  8497 | D:9      | Killed an orange demon
  8497 | D:9      | Reached *** piety under Qazlal
  8662 | D:9      | Noticed Maurice
  8676 | D:9      | Killed Maurice
  8677 | D:9      | Reached XP level 11. HP: 59/68 MP: 11/11
  8747 | D:9      | Found a hide-covered altar of Uskayaw.
  8870 | D:9      | Noticed a two-headed ogre
  8879 | D:9      | Killed a two-headed ogre
  9493 | D:10     | Entered Level 10 of the Dungeon
  9555 | D:10     | Found a bloodstained altar of Trog.
  9556 | D:10     | Found a staircase to the Orcish Mines.
  9875 | D:10     | Reached skill level 10 in Armour
 10060 | D:10     | Found a glowing silver altar of Zin.
 10301 | D:11     | Found a staircase to the Lair.
 10304 | D:11     | Noticed a two-headed ogre
 10313 | D:11     | Killed a two-headed ogre
 10346 | D:11     | Reached skill level 1 in Stealth
 11417 | Lair:1   | Entered Level 1 of the Lair of Beasts
 11562 | Lair:1   | Reached skill level 10 in Staves
 11767 | Lair:1   | Reached XP level 12. HP: 71/76 MP: 12/12
 12188 | Lair:2   | Noticed a death yak
 12188 | Lair:2   | Noticed a death yak
 12188 | Lair:2   | Noticed a death yak
 12190 | Lair:2   | Noticed a death yak
 12192 | Lair:2   | Noticed a death yak
 12203 | Lair:2   | Killed a death yak
 12207 | Lair:2   | Killed a death yak
 12208 | Lair:2   | Reached skill level 11 in Armour
 12211 | Lair:2   | HP: 2/77 [death yak (13)]
 12211 | Lair:2   | Mangled by a death yak

Illustrated notes

Levels and vault maps discovered:
D:1:      giann_wishing_wells, layout_basic, serial_shops, nicolae_square_shop,
          shapermc_ecumenical_altar_petra
D:2:      layout_basic, moated_statue, grunt_decor_one_mirror
D:3:      layout_loops_ring
D:4:      layout_basic, lemuel_tele_altar, hangedman_decor_riveting,
          grunt_ministairs_8, grunt_decor_mini_mirrors, uniq_grinder,
          uniq_natasha, uniq_eustachio
D:5:      layout_basic, gammafunk_temple_overflow_arena, minitemple,
          gammafunk_ghost_grave, enter_ossuary_5
D:6:      layout_basic, minmay_temple_entry_crystal_x, chequers_mini_garden
D:7:      layout_loops_ring, amethyst_killhole, kennysheep_generic_room_15
D:8:      layout_cave_pools, mainiacjoe_overflow_24_doors
D:9:      layout_basic, nicolae_uskayaw_dance_hall,
          mainiacjoe_overflow_small_starburst, uniq_maurice, uniq_amaemon
D:10:     layout_roguey, zin_statuary, trog_ov_bears_minmay, orc_0_dummy,
          nicolae_titane
D:11:     layout_basic, lair_entry_dummy, minmay_misc_feat_more_columns
Lair:1:   layout_gridlike
Lair:2:   layout_regular_city, gauntlet_entry_generic,
          nicolae_volcano_entry_lava_flow, minmay_lindwurm_lava,
          lemuel_fruit_fields, serial_bayou_shore_a, serial_bayou_shore_b

Skill      XL: |  1  2  3  4  5  6  7  8  9 10 11 12 |
---------------+-------------------------------------+-----
Axes           | 2 3 4 5 6 7 |  7.7
Fighting       | 4 5 6 8 9 |  9.6
Armour         | 4 5 6 8 9 10 11 | 11.0
Shields        | 4 5 6 |  6.9
Dodging        | 1 |  1.7
Staves         | 5 7 10 | 10.7
Stealth        | 1 |  1.3

Action                     |  1- 3 |  4- 6 |  7- 9 | 10-12 || total
---------------------------+-------+-------+-------+-------++-------
  Melee: War axe           |    70 |    75 |   207 |       ||   352
         Headbutt          |       |       |    38 |    63 ||   101
         Quarterstaff      |       |       |   117 |   301 ||   418
    Use: Scroll            |       |     3 |    10 |     9 ||    22
         Potion            |       |     2 |     8 |     1 ||    11
 Armour: Scale mail        |    20 |       |       |       ||    20
         Plate armour      |    28 |    63 |   305 |   265 ||   661
  Dodge: Dodged            |    35 |    28 |   132 |   116 ||   311
  Block: Buckler           |    19 |    18 |    45 |       ||    82
         Other             |       |       |    13 |    61 ||    74
